 Dungeon Crawl Stone Soup version 0.19.1 (webtiles) character file.

17628 Monsterracer the Severer (level 12, -4/159 HPs)
             Began as a Minotaur Berserker on Nov 24, 2016.
             Was the Champion of Trog.
             Slain by kraktruk's ghost (18 damage)
             ... on level 12 of the Dungeon.
             The game lasted 00:24:51 (11340 turns).

Monsterracer the Severer (Minotaur Berserker)      Turns: 11340, Time: 00:24:52

Health: -4/159     AC: 21    Str: 29    XL:     12   Next: 20%
Magic:  3/3        EV:  8    Int:  4    God:    Trog [******]
Gold:   707        SH:  0    Dex: 13    Spells: 0 memorised, 11 levels left

rFire  + + .     SeeInvis .     y - +1 executioner's axe (antimagic)
rCold  x . .     Gourm    .     j - +0 plate armour
rNeg   . . .     Faith    +     (shield currently unavailable)
rPois  +         Spirit   .     k - +1 hat {MR+}
rElec  .         Reflect  .     n - +1 cloak {rPois}
rCorr  .         Harm     .     w - +1 pair of gloves
MR     +....     Clarity  +     h - +1 pair of boots
Stlth  ..........               z - amulet of faith
                                v - ring of fire
                                a - ring of protection from fire

@: berserking, drained, very quick
A: retaliatory headbutt, horns 2, clarity
a: Berserk, Trog's Hand, Brothers in Arms, Burn Spellbooks, Renounce Religion


You were on level 12 of the Dungeon.
You worshipped Trog.
Trog was exalted by your worship.
You were very hungry.

You visited 1 branch of the dungeon, and saw 12 of its levels.
You also visited: Sewer and Ossuary.

You collected 707 gold pieces.

Inventory:

Hand Weapons
 y - a +1 antimagic executioner's axe (weapon)
Armour
 h - a +1 pair of boots (worn)
 j - a +0 plate armour (worn)
 k - a +1 hat of magic resistance (worn)
 n - a +1 cloak of poison resistance (worn)
 w - a +1 pair of gloves (worn)
Jewellery
 a - a ring of protection from fire (left hand)
 t - an uncursed amulet of regeneration
 v - a ring of fire (right hand)
 z - an amulet of faith (around neck)
Wands
 c - a wand of digging (9/24)
 f - a wand of polymorph (20/24)
Scrolls
 b - 5 scrolls of remove curse
 d - 8 scrolls of identify
 e - a scroll of magic mapping
 g - a scroll of blinking
 i - 3 scrolls of enchant armour
 s - a scroll of recharging
Potions
 m - 3 potions of ambrosia
 o - 4 potions of curing
 p - a potion of resistance
 q - 2 potions of brilliance
 A - a potion of heal wounds
Comestibles
 l - a bread ration
 r - 4 beef jerkies
 u - 6 meat rations
 x - 2 chunks of flesh
 B - 7 royal jellies


   Skills:
 + Level 9.6(8.9) Fighting
 * Level 19.1(18.2) Axes
 + Level 9.0(8.2) Armour
 - Level 2.1(1.5) Dodging


You had 11 spell levels left.
You didn't know any spells.

Dungeon Overview and Level Annotations

Branches:
Dungeon (12/15)            Temple (0/1) D:6            Lair (0/6) D:10
    Orc (0/2) D:9

Altars:

Shops:
D:4 (   D:6 !

Annotations:
D:12 kraktruk's ghost, journeyman DrAE


Innate Abilities, Weirdness & Mutations

You reflexively headbutt those who attack you in melee.
You have a pair of horns on your head.
You possess an exceptional clarity of mind.


Message History

The bolt of negative energy hits you!
You feel drained.
* * * LOW HITPOINT WARNING * * *
You are too injured to fight recklessly!
You are too injured to fight recklessly!
A red film seems to cover your vision as you go berserk!
You feel yourself moving faster!
You feel mighty!
You are feeling very hungry.
Kraktruk's ghost hits you but does no damage.
You slash kraktruk's ghost!
Kraktruk's ghost's magic leaks into the air.
Kraktruk's ghost is severely damaged.
You closely miss kraktruk's ghost.
Kraktruk's ghost is severely damaged.
Kraktruk's ghost hits you!
* * * LOW HITPOINT WARNING * * *
You closely miss kraktruk's ghost. Your headbutt misses kraktruk's ghost.
Kraktruk's ghost is severely damaged.
Kraktruk's ghost says, "You can run, but you can't hide!"
Kraktruk's ghost hits you!!
You die...

#...... #...##. #...##.
.#...... ......... ..
################## ...
#........##.......
....#........##.......
....#@.......##.......
.....DW........##.......
......#........##.......
......#.(.##.#######'###
###+# #...####..........
#..))..#.##.^.÷...
#..†...#.##.......
#......#.##.......
######'#..........


You could see a mottled dragon and kraktruk's ghost.

Vanquished Creatures
  Gastronok (D:9)
  The ghost of Ladykiller69 the Cleaver, a journeyman FoFi of Cheibriados (D:9)
  The ghost of Uhlv the Protected, a novice MiBe of Trog (D:6)
  The ghost of hadoken the Cleaver, a novice HOFi of Okawaru (D:8)
  2 hill giants
  Pikel (D:4)
  An ugly thing (D:11)
  A manticore (D:12)
  A centaur zombie (D:9)
  A gargoyle (D:11)
  A queen bee (D:11)
  2 trolls (D:10)
  A hornet (D:9)
  Grinder (D:3)
  A slime creature (D:11)
  3 hippogriffs
  Sigmund (D:2)
  A wraith (D:11)
  10 yaks (D:10)
  3 basilisks (D:10)
  2 hungry ghosts
  Edmund (D:4)
  A mottled dragon (D:11)
  6 porcupines (D:10)
  3 orc warriors
  4 slaves (D:4)
  An ice beast (D:10)
  An eye of draining (D:11)
  3 necrophages
  6 ogres
  3 centaurs
  5 crocodiles (D:10)
  3 big kobolds
  8 bullfrogs
  A gnoll sergeant (D:7)
  4 scorpions
  20 killer bees
  8 wights
  5 howler monkeys
  9 crimson imps
  A bullfrog zombie (D:12)
  A human zombie (Ossuary)
  2 jellies
  3 hounds
  16 orc wizards
  Crazy Yiuf (D:3)
  6 orc priests
  3 centaur skeletons
  4 bullfrog skeletons
  5 worker ants
  8 iguanas
  A hound skeleton (D:11)
  4 mummies
  2 howler monkey zombies
  A worker ant zombie (D:9)
  Robin (D:2)
  16 gnolls
  17 adders
  2 river rats (D:10)
  2 shadow imps
  An ooze (D:7)
  An adder skeleton (D:9)
  5 adder zombies
  4 worms
  A dart slug (D:1)
  7 leopard geckos
  45 orcs
  5 ball pythons
  10 giant cockroaches
  10 goblins
  10 hobgoblins
  10 jackals
  21 kobolds
  2 quokkas
  9 frilled lizards
  2 goblin zombies (Ossuary)
  4 hobgoblin zombies
  2 kobold zombies (Ossuary)
  A leopard gecko skeleton (D:5)
  2 orc zombies (D:6)
  A quokka skeleton (D:9)
  9 quokka zombies
  9 rats
  A rat zombie (Ossuary)
397 creatures vanquished.

Vanquished Creatures (others)
  A fungus (D:10)
1 creature vanquished.

Grand Total: 398 creatures vanquished

Notes
Turn   | Place    | Note
-------+----------+-------------------------------------------
     0 | D:1      | Monsterracer the Minotaur Berserker began the quest for the Orb.
     0 | D:1      | Reached XP level 1. HP: 19/19 MP: 0/0
    56 | D:1      | Reached skill level 4 in Axes
    97 | D:1      | Reached XP level 2. HP: 26/26 MP: 1/1
   553 | D:1      | Reached skill level 5 in Axes
   864 | D:2      | Reached XP level 3. HP: 25/31 MP: 2/2
  1046 | D:2      | Noticed Sigmund
  1054 | D:2      | Killed Sigmund
  1054 | D:2      | Reached skill level 7 in Axes
  1054 | D:2      | Reached XP level 4. HP: 39/39 MP: 3/3
  1054 | D:2      | Reached XP level 5. HP: 45/45 MP: 4/4
  1084 | D:2      | Reached ** piety under Trog
  1102 | D:2      | Noticed Robin
  1116 | D:2      | Killed Robin
  1323 | D:2      | Reached skill level 8 in Axes
  1883 | D:3      | Reached XP level 6. HP: 45/51 MP: 5/5
  2000 | D:3      | Found a glowing drain.
  2005 | Sewer    | Entered a sewer
  2232 | Sewer    | Reached *** piety under Trog
  2309 | Sewer    | Reached skill level 9 in Axes
  2971 | D:3      | Found a runed door.
  3113 | D:3      | Noticed Crazy Yiuf
  3117 | D:3      | Killed Crazy Yiuf
  3424 | D:3      | Reached XP level 7. HP: 54/57 MP: 6/6
  3529 | D:3      | Noticed Grinder
  3536 | D:3      | Paralysed by Grinder for 6 turns
  3544 | D:3      | Killed Grinder
  3544 | D:3      | Reached skill level 10 in Axes
  3975 | D:4      | Reached skill level 11 in Axes
  4000 | D:4      | Noticed Pikel
  4016 | D:4      | Killed Pikel
  4016 | D:4      | Reached skill level 12 in Axes
  4016 | D:4      | Reached XP level 8. HP: 64/64 MP: 7/7
  4102 | D:4      | Noticed Edmund
  4111 | D:4      | Killed Edmund
  4212 | D:4      | Found Moamuw's Antique Weapon Shop.
  4590 | D:5      | Entered Level 5 of the Dungeon
  4720 | D:5      | Reached skill level 13 in Axes
  4933 | D:5      | Reached **** piety under Trog
  5538 | D:5      | Reached XP level 9. HP: 63/70 MP: 8/8
  5607 | D:6      | Noticed Uhlv's ghost (novice MiBe)
  5625 | D:6      | Killed Uhlv's ghost
  5625 | D:6      | Reached skill level 14 in Axes
  5726 | D:6      | Reached skill level 15 in Axes
  5748 | D:6      | Found a sand-covered staircase.
  5756 | Ossuary  | Entered an ossuary
  6126 | D:6      | Found Meupn's Distillery.
  6176 | D:6      | Found a staircase to the Ecumenical Temple.
  6197 | D:6      | Paralysed by fainting for 11 turns
  6274 | D:6      | Reached ***** piety under Trog
  6875 | D:7      | Received a gift from Trog
  6929 | D:7      | Reached skill level 16 in Axes
  7159 | D:8      | Noticed hadoken's ghost (novice HOFi)
  7170 | D:8      | Killed hadoken's ghost
  7170 | D:8      | Reached XP level 10. HP: 55/79 MP: 3/9
  7387 | D:8      | Gained mutation: You possess an exceptional clarity of mind. [potion of beneficial mutation]
  8031 | D:9      | Reached skill level 5 in Fighting
  8069 | D:9      | Noticed Ladykiller69's ghost (journeyman FoFi)
  8080 | D:9      | Killed Ladykiller69's ghost
  8080 | D:9      | Reached skill level 5 in Armour
  8082 | D:9      | Reached skill level 17 in Axes
  8083 | D:9      | Noticed Gastronok
  8098 | D:9      | Killed Gastronok
  8182 | D:9      | Reached XP level 11. HP: 89/91 MP: 3/10
  8302 | D:9      | Found a staircase to the Orcish Mines.
  8336 | D:9      | Received a gift from Trog
  8614 | D:10     | Entered Level 10 of the Dungeon
  8869 | D:10     | Found a staircase to the Lair.
  8879 | D:10     | Received a gift from Trog
  8883 | D:10     | Reached skill level 18 in Axes
  9965 | D:11     | Reached ****** piety under Trog
 10172 | D:11     | Noticed a hill giant
 10184 | D:11     | Killed a hill giant
 10250 | D:11     | Reached XP level 12. HP: 69/104 MP: 3/11
 10403 | D:11     | Received a gift from Trog
 10584 | D:11     | Reached skill level 19 in Axes
 11318 | D:12     | Noticed kraktruk's ghost (journeyman DrAE)
 11340 | D:12     | Slain by kraktruk's ghost

Skill      XL: |  1  2  3  4  5  6  7  8  9 10 11 12 |
---------------+-------------------------------------+-----
Axes           | 4 5 7 8 9 12 13 16 17 18 19 | 19.1
Fighting       | 4 6 9 |  9.6
Armour         | 3 6 8 9 |  9.0
Dodging        | |  2.1

Action                   |  1- 3 |  4- 6 |  7- 9 | 10-12 || total
-------------------------+-------+-------+-------+-------++-------
Melee: Hand axe          |    65 |   177 |    47 |       ||   289
       Headbutt          |     4 |    22 |    71 |    84 ||   181
       War axe           |       |       |   274 |       ||   274
       Battleaxe         |       |       |    31 |   349 ||   380
       Executioner's axe |       |       |       |    74 ||    74
Invok: Berserk           |     1 |     1 |     5 |     6 ||    13
       Burn Spellbooks   |       |       |       |     1 ||     1
       Trog's Hand       |       |       |       |     4 ||     4
  Use: Potion            |     2 |     1 |     7 |     1 ||    11
       Scroll            |       |       |    13 |     4 ||    17
  Eat: Chunk             |       |     8 |    14 |    19 ||    41
       Royal jelly       |       |     1 |       |     1 ||     2
       Bread ration      |       |       |     1 |       ||     1
Armor: Ring mail         |    19 |    74 |    19 |       ||   112
       Plate armour      |       |       |   146 |   287 ||   433
Dodge: Dodged            |    38 |   105 |   107 |   134 ||   384
